Map: Acropolis LE

Players

Stephano

  • Race: Zerg Zerg
  • Spawn Location: 11:00

Erik - Winner!

  • Race: Zerg Zerg
  • Spawn Location: 5:00

Event: 2019 WCS Summer

VOD

Have the link to the VOD?

Description

Time

  • Played on: July 12, 2019, 10:39 a.m.
  • Length: 8:02

All games in this series

Show
View Real Time Build Order
Export as new Build Order

Stephano Zerg 

Build Orders: Hatch First 

Get SALT Encoding   

  12  0:00  Drone  
  13  0:12  Overlord  
  13  0:16  Drone  
  14  0:30  Drone x2  
  16  0:48  Hatchery  
  15  0:50  Drone  
  15  0:54  Drone  
  17  0:57  Drone  
  18  1:08  Extractor  
  17  1:12  Spawning Pool  
  17  1:15  Drone  
  17  1:19  Drone  
  18  1:27  Drone  
  19  1:38  Drone  
  20  1:49  Drone  
  21  2:00  Queen x2  
  21  2:01  Zergling x4  
  27  2:11  Drone, Overlord  
  28  2:29  Drone  
  29  2:30  Drone  
  29  2:32  Drone x2  
  28  2:44  Drone x2  
  28  2:45  Metabolic Boost  
  28  2:48  Queen  
  32  2:54  Hatchery  
  32  2:58  Overlord  
  31  3:07  Zergling x4  
  31  3:09  Zergling x2  
  34  3:15  Evolution Chamber  
  34  3:16  Evolution Chamber  
  34  3:17  Zergling x2  
  34  3:19  Evolution Chamber  
  32  3:22  Zergling x4  
  32  3:25  Zergling x2  
  35  3:29  Zergling x4  
  35  3:31  Zergling x2  
  35  3:34  Zergling x2  
  37  3:38  Zergling x2  
  38  3:43  Zergling x2  
  40  3:52  Zergling x4  
  38  3:56  Zerg Melee Weapons Level 1  
  38  3:58  Queen  
  38  4:00  Zergling x6  
  43  4:07  Zergling x2  
  44  4:12  Overlord  
  44  4:15  Zergling x2  
  43  4:30  Drone x2  
  43  4:31  Drone x2, Hatchery  
  46  4:39  Drone x2  
  48  4:47  Overlord  
  48  4:48  Drone x3  
  51  4:55  Extractor  
  51  4:58  Roach Warren  
  51  4:59  Drone x3  
  52  5:04  Overlord  
  52  5:06  Drone x2  
  54  5:16  Drone  
  54  5:17  Drone x3  
  54  5:20  Drone x2  
  60  5:28  Drone x2, Lair  
  60  5:29  Drone  
  60  5:33  Extractor  
  62  5:36  Hatchery  
  61  5:43  Zergling x10  
  66  5:50  Overlord  
  66  5:52  Zerg Missile Weapons Level 1  
  66  5:56  Zergling x4  
  68  6:08  Overlord  
  68  6:11  Overlord  
  66  6:18  Roach x5  
  66  6:19  Roach  
  67  6:28  Roach  
  63  6:35  Roach  
  63  6:36  Roach  
  63  6:40  Queen  
  63  6:45  Roach x4  
  73  6:48  Queen  
  73  6:53  Hatchery, Roach  
  73  6:54  Roach  
  76  6:57  Ravager, Nydus Network  
  76  7:09  Roach  
  76  7:10  Overlord  
  76  7:12  Overlord  
  78  7:17  Overlord  
  76  7:25  Roach x2  
  78  7:31  Overseer, Roach  
  80  7:38  Roach  
  80  7:41  Ravager  
  77  8:00  Extractor  
Show
View Real Time Build Order
Export as new Build Order

Erik Zerg - Winner!

Build Orders: Pool First 

Get SALT Encoding   

  12  0:00  Drone  
  13  0:07  Drone  
  14  0:14  Drone, Extractor  
  15  0:21  Overlord  
  15  0:36  Spawning Pool  
  15  0:40  Drone  
  15  0:43  Drone  
  15  0:46  Drone  
  15  0:48  Extractor  
  16  0:54  Drone  
  17  1:15  Hatchery  
  16  1:22  Zergling x4  
  18  1:27  Zergling x2  
  19  1:36  Queen  
  21  1:48  Metabolic Boost  
  21  1:51  Overlord  
  21  1:56  Drone  
  22  2:10  Drone  
  22  2:11  Drone  
  22  2:14  Queen  
  26  2:21  Drone  
  26  2:36  Zergling x4  
  28  2:40  Zergling x2  
  28  2:44  Zergling x4  
  28  2:45  Zergling x2  
  28  2:48  Zergling x4  
  33  2:55  Zergling x2  
  34  2:58  Baneling Nest  
  34  3:02  Zergling x2  
  34  3:08  Overlord  
  35  3:12  Zergling x2  
  35  3:18  Drone  
  36  3:23  Overlord  
  35  3:28  Drone x3  
  35  3:29  Zergling x2  
  35  3:30  Zergling x4  
  40  3:36  Drone  
  40  3:40  Evolution Chamber  
  40  3:41  Drone  
  41  3:51  Drone x3  
  41  3:53  Drone  
  44  3:56  Drone x4  
  47  4:03  Drone  
  47  4:07  Zerg Missile Weapons Level 1  
  47  4:11  Roach Warren  
  47  4:16  Zergling x2  
  47  4:17  Zergling x2  
  47  4:21  Extractor  
  47  4:22  Zergling x4, Extractor  
  47  4:30  Drone x3  
  50  4:32  Zergling x4  
  52  4:38  Lair  
  52  4:39  Overlord  
  52  4:47  Overlord  
  52  4:59  Drone x4  
  56  5:06  Evolution Chamber  
  55  5:08  Roach x4  
  63  5:15  Roach x2  
  67  5:30  Overlord  
  67  5:33  Hatchery  
  66  5:37  Glial Reconstitution  
  66  5:43  Overlord  
  67  5:50  Drone x7  
  67  5:54  Roach  
  67  5:56  Overseer  
  75  6:04  Roach x2  
  79  6:09  Roach x2  
  82  6:13  Overlord  
  82  6:24  Overlord, Ravager  
  78  6:25  Roach  
  78  6:26  Roach x3  
  80  6:34  Roach  
  81  6:43  Roach x5  
  87  6:50  Queen  
  88  6:55  Roach x3  
  94  7:04  Roach x2  
  98  7:11  Pneumatized Carapace  
  98  7:12  Drone x3  
  101  7:18  Roach x2  
  103  7:26  Overlord  
  103  7:27  Drone x2  
  103  7:32  Extractor  
  103  7:34  Overlord  
  103  7:35  Roach  
  103  7:36  Roach  
  106  7:41  Overlord  
Tags
 
Add a new tag
Caveats
  • Supply blocks, unpowered buildings, or Contaminate may cause inaccurate times.
  • Supply counts are checked every 10 seconds.